 Dungeon Crawl Stone Soup version 0.24.0-1-gfbc8707 (webtiles) character file.

Game seed: 10875975506231894923, levelgen mode: deterministic

136 Buxparty the Skirmisher (level 4, -4/37 HPs)
             Began as a Mummy Wanderer on Jan 8, 2020.
             Was an Initiate of Gozag.
             Slain by a centaur (7 damage)
             ... on level 3 of the Dungeon.
             The game lasted 00:05:59 (2041 turns).

Buxparty the Skirmisher (Mummy Wanderer)            Turns: 2041, Time: 00:06:00

Health: -4/37      AC:  4    Str: 15    XL:     4   Next: 98%
Magic:  4/4        EV: 10    Int: 10    God:    Gozag
Gold:   102        SH:  0    Dex: 13    Spells: 3/3 levels left

rFire    x . .     SeeInvis .   b - +1 dagger (drain)
rCold    + . .     Gourm    .   (no shield)
rNeg     + + +     Faith    .   n - +0 leather armour
rPois    ∞         Spirit   .   (no helmet)
rElec    .         Reflect  .   (no cloak)
rCorr    .         Harm     +   f - +0 pair of gloves
MR       .....                  (no boots)
Stlth    +.........             q - amulet of harm
HPRegen  0.12/turn              (no ring)
MPRegen  0.09/turn              (no ring)

@: gold aura
A: no food or potions, fire vulnerability, cold resistance 1, negative energy
resistance 3, torment resistance, unbreathing
a: Potion Petition, Call Merchant, Bribe Branch, Renounce Religion


You were on level 3 of the Dungeon.
You worshipped Gozag.
Gozag was aware of your devotion.
You were not hungry.

You visited 1 branch of the dungeon, and saw 3 of its levels.

You collected 150 gold pieces.
You paid 48 gold pieces to Gozag.

Inventory:

Hand Weapons
 a - a +2 shortbow
 b - a +1 dagger of draining (weapon)
 o - a +0 short sword
Missiles
 c - 39 arrows
Armour
 d - a +0 shield
 e - a +0 robe
 f - a +0 pair of gloves (worn)
 n - a +0 leather armour (worn)
Jewellery
 q - an amulet of harm (around neck)
Scrolls
 g - a scroll of remove curse {unknown}
 h - a scroll of enchant weapon {unknown}
 i - 2 scrolls of random uselessness {unknown}
 j - 4 scrolls of identify {unknown}
 k - a scroll of fear {unknown}
 l - 2 scrolls of enchant armour {unknown}
 m - 2 scrolls of teleportation {unknown}
 p - a scroll of fog {unknown}
 r - a scroll of blinking {unknown}
 s - a scroll of noise {unknown}


   Skills:
 + Level 3.9 Fighting
   Level 2.4 Long Blades
 + Level 2.9 Bows
 - Level 1.0 Throwing
 - Level 1.0 Armour
 - Level 1.0 Stealth
 - Level 1.0 Shields


You had 3 spell levels left.
You didn't know any spells.
Your spell library contained the following spells:

 Spells                   Type           Power        Failure   Level  Hunger
 Confusing Touch          Hex            #.....       43%         1    N/A
 Confuse                  Hex            #.......     80%         3    N/A
 Gell's Gravitas          Tloc           #.........   80%         3    N/A
 Petrify                  Tmut/Erth      #.......     99%         4    N/A
 Metabolic Englaciation   Hex/Ice        #.........   100%        5    N/A
 Yara's Violent Unravell  Hex/Tmut       #.........   100%        5    N/A

Dungeon Overview and Level Annotations

Branches:
Dungeon (3/15)

Altars:
Gozag


Innate Abilities, Weirdness & Mutations

You do not eat or drink.
Your flesh is vulnerable to fire.
You are immune to poison.
Your flesh is cold resistant. (rC+)
You are immune to negative energy. (rN+++)
You are immune to unholy pain and torment.
You can survive without breathing.


Message History

You are too injured to fight recklessly!
You are too injured to fight recklessly!
You are too injured to fight recklessly!
You are too injured to fight recklessly!
You sense an unholy aura.
b - a +1 dagger of draining (weapon)
The centaur hits you.
* * * LOW HITPOINT WARNING * * *
You are too injured to fight recklessly!
You are too injured to fight recklessly!
You are too injured to fight recklessly!
You hit the centaur.
The centaur is severely wounded.
The centaur hits you!
* * * LOW HITPOINT WARNING * * *
You hit the centaur but do no damage.
The centaur is severely wounded.
The centaur hits you.
You die...
Your body crumbles into a pile of gold.

#># #..#
.# # #.#
##'## #
#####..##
# #....# #
+....####
##..##..##
###'(..[#
$##....#
##@.##
##c# ..#
..(# $
...# ..##
### $


You could see a centaur.

Vanquished Creatures
  5 adders
  An ooze (D:2)
  A worm (D:2)
  4 dart slugs
  3 leopard geckos
  2 orcs (D:3)
  4 giant cockroaches (D:2)
  8 goblins
  2 hobgoblins (D:1)
  13 jackals
  2 quokkas (D:2)
  A ball python (D:3)
  4 bats
  2 frilled lizards (D:2)
  7 kobolds
  9 rats
68 creatures vanquished.

Notes
Turn   | Place    | Note
-------+----------+-------------------------------------------
     0 | D:1      | Buxparty the Mummy Wanderer began the quest for the Orb.
     0 | D:1      | Buxparty set off with the following items: a +2 shortbow,
                  | 26 arrows, a +0 short sword, a +0 shield, a +0 robe
     0 | D:1      | Reached XP level 1. HP: 16/16 MP: 1/1
   127 | D:1      | Reached XP level 2. HP: 23/23 MP: 2/2
   362 | D:1      | Reached XP level 3. HP: 28/28 MP: 3/3
   496 | D:2      | Reached skill level 3 in Fighting
   943 | D:2      | Reached XP level 4. HP: 32/35 MP: 4/4
  1833 | D:3      | Found a faded altar of an unknown god.
  1897 | D:3      | Found an opulent altar of Gozag.
  1905 | D:3      | Became a worshipper of Gozag Ym Sagoz the Greedy
  2031 | D:3      | Noticed a centaur
  2041 | D:3      | Slain by a centaur

Levels and vault maps discovered:
D:1:      denvon_arrival_planthouse, layout_rooms
D:2:      minmay_wonky_spiral, layout_basic, st_stairs_13
D:3:      minmay_bubble_buster, layout_loops_ring,
          chequers_ecumenical_altar_simple, first_ration, grunt_gozag_statues,
          uniq_natasha

Skill      XL: |  1  2  3 |
---------------+----------+-----
Fighting       | 3 |  3.9
Bows           | 2 |  2.9
Long Blades    | |  2.4
Throwing       | |  1.0
Armour         | |  1.0
Stealth        | |  1.0
Shields        | |  1.0

Action                   |  1- 3 |  4- 6 || total
-------------------------+-------+-------++-------
Melee: Short sword       |     2 |       ||     2
       Dagger            |       |    29 ||    29
 Fire: Shortbow          |    86 |    60 ||   146
Armor: Robe              |     1 |       ||     1
       Leather armour    |    17 |    37 ||    54
Dodge: Dodged            |    29 |    44 ||    73
